 Dungeon Crawl Stone Soup version 0.27-a0-46-g34d46f0a3f (webtiles) character file.

Game seed: 8286669713065513091

17745 Borgoz the Basher (level 12, -8/77 HPs)
             Began as a Gargoyle Gladiator on Jan 6, 2021.
             Was an Elder of Ashenzari.
             Mangled by a hell knight
             ... wielding a +3 demon trident of flaming
              (15 damage)
             ... on level 11 of the Dungeon on Jan 7, 2021.
             The game lasted 00:20:17 (11147 turns).

Borgoz the Basher (Gargoyle Gladiator)             Turns: 11147, Time: 00:20:17

Health: -8/77      AC: 27    Str: 19    XL:     12   Next: 51%
Magic:  12/12      EV: 14    Int:  9    God:    Ashenzari [****..]
Gold:   749        SH:  0    Dex: 15    Spells: 11/11 levels left

rFire    + + .     SeeInvis +   b - +2 dire flail (holy)
rCold    . . .     Faith    .   (shield currently unavailable)
rNeg     + . .     Spirit   .   E - +2 fire dragon scales
rPois    ∞         Reflect  .   c - +0 helmet
rElec    +         Harm     .   (no cloak)
rCorr    .         Rampage  .   k - +2 pair of gloves
Will     .....     Clarity  +   (no boots)
Stlth    ..........             F - amulet of regeneration
HPRegen  0.62/turn              v - ring of protection from cold
MPRegen  0.13/turn              (no ring)

@: flying
A: negative energy resistance 1, electricity resistance, unbreathing,
petrification resistance, miasma immunity, AC +8
a: Renounce Religion, Curse Item, Scrying


You were on level 11 of the Dungeon.
You worshipped Ashenzari.
Ashenzari was greatly pleased with you.
You visited 2 branches of the dungeon, and saw 12 of its levels.

You collected 787 gold pieces.
You spent 38 gold pieces at shops.

Inventory:

Hand Weapons
 a - a +1 flail
 b - a +2 dire flail of holy wrath (weapon)
Armour
 c - a +0 helmet (worn)
 k - a +2 pair of gloves (worn)
 n - a +0 buckler
 C - +0 steam dragon scales
 E - +2 fire dragon scales (worn)
 G - a +1 scale mail of willpower
Jewellery
 l - an uncursed amulet of reflection
 v - a ring of protection from cold (left hand)
 F - an amulet of regeneration (around neck)
Wands
 d - a wand of digging (7)
 j - a wand of polymorph (13)
 q - a wand of disintegration (9)
 u - a wand of iceblast (15)
 x - a wand of paralysis (13)
 K - a wand of enslavement (13)
Scrolls
 f - 2 scrolls of amnesia
 g - 2 scrolls of enchant armour
 o - 3 scrolls of fear
 s - 5 scrolls of teleportation
 t - a scroll of remove curse
 y - 2 scrolls of fog
 H - 2 scrolls of magic mapping
 I - 2 scrolls of enchant weapon
Potions
 e - 2 potions of magic
 i - 3 potions of brilliance
 m - 3 potions of haste {unknown}
 p - 5 potions of flight
 w - 3 potions of mutation {unknown}
 A - a potion of ambrosia {unknown}
 B - 3 potions of attraction {unknown}
 D - a potion of invisibility {unknown}


   Skills:
 + Level 10.0 Fighting
 * Level 12.5 Maces & Flails
 - Level 1.7 Throwing
 + Level 9.6 Armour
 + Level 7.9 Dodging
 - Level 5.0 Shields


You had 11 spell levels left.
You didn't know any spells.
Your spell library contained the following spells:

 Spells                   Type           Power        Failure   Level
 Animate Skeleton         Necr           0%           77%         1
 Apportation              Tloc           0%           77%         1
 Corona                   Hex            0%           77%         1
 Summon Small Mammal      Summ           0%           77%         1


Dungeon Overview and Level Annotations

Branches:
Dungeon (11/15)            Temple (1/1) D:7            Lair (0/6) D:10
    Orc (0/2) D:10

Altars:
Ashenzari
Cheibriados
Dithmenos
Elyvilon
Fedhas
Gozag
Hepliaklqana
Kikubaaqudgha
Makhleb
Nemelex Xobeh
Okawaru
Qazlal
Ru
Sif Muna
Trog
Uskayaw
Vehumet
Wu Jian
Xom
Yredelemnul
Zin
The Shining One
Lugonu

Shops:
D:4 [   D:6 *


Innate Abilities, Weirdness & Mutations

You are resistant to torment.
Your stone body is resilient. (AC +8)
You are immune to poison.
You resist negative energy. (rN+)
You are resistant to electric shocks. (rElec)
You can survive without breathing.
You are immune to petrification.
You are immune to miasma.


Message History

You sock the hell knight!
The hell knight is heavily wounded.
You closely miss the hell knight.
The hell knight is heavily wounded.
The hell knight hits you with a +3 demon trident of flaming!!
* * * LOW HITPOINT WARNING * * *
The hell knight burns you.
* * * LOW HITPOINT WARNING * * *
You closely miss the hell knight.
The hell knight is heavily wounded.
Okay, then.
Okay, then.
Okay, then.
You puncture the hell knight!
The hell knight is severely wounded.
The hell knight hits you but does no damage.
You closely miss the hell knight.
The hell knight is severely wounded.
The hell knight hits you with a +3 demon trident of flaming!
You die...

, * ####..... ,,#.. ,
, ..#..... *, ,#.# ≈
*#.#..... , #.#{, ,{{
#.#..... ,,,,,#.# *
#.≈..... * , , ,#.#{
{<,*{#†≈..... , ,#.#{
,{*{#.≈....= ,#p#, ,∆
#.≈..... , ,#@#,***
{#.≈..... * , #.#
{{{, {#.#.....
,#.#########.#..... ,
* ,
#.....<.....#...(=
,,,#############(....
* ,,, ∆
............### **
#.........##### , *
#.........####. *
##....##...#...


You could see a hell knight.

Vanquished Creatures
  Gastronok (D:8)
  2 hydras
  Erica (D:8)
  2 centaur warriors
  2 two-headed ogres
  Pikel (D:6)
  A cyclops (D:10)
  2 ugly things
  A gargoyle (D:8)
  Maggie (D:7)
  A komodo dragon (D:10)
  2 trolls
  Prince Ribbit (D:7)
  Grinder (D:6)
  A hornet (D:10)
  A shadow (D:11)
  A wyvern (D:11)
  6 yaks (D:10)
  Edmund (D:6)
  2 wargs (D:10)
  A soldier ant (D:11)
  An acid dragon (D:11)
  Duvessa (D:7)
  5 orc warriors
  A water moccasin (D:10)
  3 hell hounds (D:11)
  3 black bears
  A sky beast (D:10)
  An eye of draining (D:11)
  2 phantoms
  3 ice beasts (D:8)
  A necrophage (D:6)
  11 ogres
  2 centaurs
  A big kobold (D:9)
  4 lemures (D:6)
  6 bullfrogs
  Dowan (D:7)
  A wyvern skeleton (D:7)
  5 scorpions
  5 killer bees (D:10)
  5 wights
  4 electric eels
  2 howler monkeys (D:10)
  3 bullfrog zombies
  2 quasits
  A centaur zombie (D:6)
  2 centaur skeletons
  6 hounds
  6 jellies
  A gnoll shaman (D:9)
  An iron imp (D:7)
  9 orc priests
  Jessica (D:3)
  5 bullfrog skeletons
  An iguana (D:8)
  11 orc wizards
  4 worker ants
  A hound zombie (D:8)
  2 hound skeletons
  2 howler monkey zombies
  A worker ant zombie (D:8)
  A howler monkey skeleton (D:7)
  14 adders
  18 gnolls
  3 shadow imps
  2 white imps (D:8)
  4 ufetubi
  4 oozes
  4 adder skeletons
  A worm (D:2)
  A dart slug (D:1)
  6 leopard geckos
  47 orcs
  9 giant cockroaches
  4 goblins
  4 hobgoblins
  4 jackals (D:3)
  9 kobolds
  5 quokkas
  A ball python (D:4)
  12 bats
  5 frilled lizards
  2 leopard gecko skeletons
  8 rats
328 creatures vanquished.

Vanquished Creatures (others)
  2 leopard geckos
  3 fungi (D:5)
  30 plants
  3 toadstools (D:6)
38 creatures vanquished.

Grand Total: 366 creatures vanquished

Notes
Turn   | Place    | Note
-------+----------+-------------------------------------------
     0 | D:1      | Borgoz the Gargoyle Gladiator began the quest for the Orb.
     0 | D:1      | Reached XP level 1. HP: 12/12 MP: 1/1
   195 | D:1      | Reached XP level 2. HP: 13/18 MP: 2/2
   519 | D:1      | Reached skill level 1 in Armour
   712 | D:1      | Reached XP level 3. HP: 22/22 MP: 3/3
  1050 | D:2      | Found a blossoming altar of Fedhas.
  1245 | D:2      | Reached XP level 4. HP: 26/27 MP: 4/4
  1327 | D:2      | Found a broken altar of Ashenzari.
  1351 | D:2      | Reached skill level 4 in Maces & Flails
  1361 | D:2      | Became a worshipper of Ashenzari the Shackled
  1533 | D:2      | Found a stormy altar of Qazlal.
  1631 | D:3      | Reached XP level 5. HP: 28/32 MP: 5/5
  1685 | D:3      | Noticed Jessica
  1699 | D:3      | Killed Jessica
  2099 | D:4      | Noticed an ogre
  2100 | D:4      | Found a hazy altar of Hepliaklqana.
  2112 | D:4      | Killed an ogre
  2113 | D:4      | Reached XP level 6. HP: 16/38 MP: 6/6
  2113 | D:4      | Found a shadowy altar of Dithmenos.
  2113 | D:4      | Noticed a shadow
  2351 | D:4      | Reached * piety under Ashenzari
  2406 | D:4      | Found a shimmering blue altar of Sif Muna.
  2711 | D:4      | Reached skill level 5 in Maces & Flails
  2713 | D:4      | Reached skill level 1 in Shields
  2798 | D:4      | Reached XP level 7. HP: 43/43 MP: 7/7
  3086 | D:4      | Found Faimajoj's Armour Shop.
  3228 | D:4      | Found a burning altar of Makhleb.
  3398 | D:5      | Entered Level 5 of the Dungeon
  3476 | D:5      | Found a basalt altar of Yredelemnul.
  3652 | D:5      | Reached skill level 6 in Maces & Flails
  3652 | D:5      | Reached XP level 8. HP: 47/48 MP: 8/8
  3680 | D:5      | Found a shimmering altar of Xom.
  3857 | D:5      | Found the +7 Singing Sword {vorpal, sonic wave}
  4201 | D:6      | Reached skill level 5 in Fighting
  4474 | D:6      | Reached skill level 7 in Maces & Flails
  4486 | D:6      | Noticed Pikel
  4540 | D:6      | Killed Pikel
  4541 | D:6      | Reached skill level 5 in Armour
  4541 | D:6      | Reached XP level 9. HP: 45/55 MP: 9/9
  4652 | D:6      | Found Ijuol's Assorted Antiques.
  4658 | D:6      | Bought a scroll labelled GURIKA LUILLU for 19 gold pieces
  4658 | D:6      | Bought a scroll labelled GURIKA LUILLU for 19 gold pieces
  4661 | D:6      | Found an opulent altar of Gozag.
  4661 | D:6      | Reached ** piety under Ashenzari
  4661 | D:6      | Noticed Edmund
  4680 | D:6      | Killed Edmund
  4801 | D:6      | Noticed Grinder
  4813 | D:6      | Paralysed by Grinder for 2 turns
  4819 | D:6      | Found a sparkling altar of Nemelex Xobeh.
  4820 | D:6      | Killed Grinder
  4821 | D:6      | Reached skill level 5 in Dodging
  5021 | D:6      | Found a shimmering altar of Xom.
  5137 | D:6      | Reached skill level 8 in Maces & Flails
  5351 | D:7      | Found a staircase to the Ecumenical Temple.
  5377 | Temple   | Entered the Ecumenical Temple
  5751 | D:7      | Reached skill level 5 in Shields
  5822 | D:7      | Noticed Dowan
  5822 | D:7      | Noticed Duvessa
  5843 | D:7      | Killed Duvessa
  5846 | D:7      | Killed Dowan
  5923 | D:7      | Found an ornate altar of the Wu Jian Council.
  5977 | D:7      | Noticed Maggie
  5994 | D:7      | Killed Maggie
  5995 | D:7      | Reached XP level 10. HP: 35/61 MP: 10/10
  6164 | D:7      | Noticed a red ugly thing
  6164 | D:7      | Noticed a centaur warrior
  6183 | D:7      | Killed a centaur warrior
  6184 | D:7      | Reached skill level 9 in Maces & Flails
  6203 | D:7      | Killed a red ugly thing
  6557 | D:7      | Noticed Prince Ribbit
  6612 | D:7      | Killed Prince Ribbit
  6677 | D:7      | Found a sacrificial altar of Ru.
  6870 | D:7      | Found a snail-covered altar of Cheibriados.
  7076 | D:8      | Reached skill level 10 in Maces & Flails
  7361 | D:8      | Found a bloodstained altar of Trog.
  7366 | D:8      | Noticed Gastronok
  7415 | D:8      | Killed Gastronok
  7416 | D:8      | Reached XP level 11. HP: 44/69 MP: 11/11
  7501 | D:8      | Noticed Erica
  7532 | D:8      | Killed Erica
  7734 | D:8      | Found a radiant altar of Vehumet.
  7859 | D:8      | Noticed a two-headed ogre
  7867 | D:8      | Killed a two-headed ogre
  7868 | D:8      | Reached skill level 11 in Maces & Flails
  8388 | D:9      | Reached *** piety under Ashenzari
  8782 | D:9      | Found an iron altar of Okawaru.
  8906 | D:9      | Found a sacrificial altar of Ru.
  8932 | D:10     | Entered Level 10 of the Dungeon
  9518 | D:10     | Found a staircase to the Lair.
  9663 | D:10     | Found a staircase to the Orcish Mines.
  9714 | D:10     | Noticed a two-headed ogre
  9739 | D:10     | Killed a two-headed ogre
  9740 | D:10     | Reached XP level 12. HP: 11/76 MP: 12/12
  9890 | D:10     | Noticed a centaur warrior
  9903 | D:10     | Killed a centaur warrior
  9906 | D:10     | Reached skill level 12 in Maces & Flails
 10151 | D:11     | Noticed a seven-headed hydra
 10186 | D:10     | Killed a seven-headed hydra
 10857 | D:11     | Noticed a seven-headed hydra
 10869 | D:11     | Killed a seven-headed hydra
 10975 | D:11     | Reached **** piety under Ashenzari
 11119 | D:11     | Reached skill level 10 in Fighting
 11147 | D:11     | Mangled by a hell knight

Illustrated notes

Levels and vault maps discovered:
D:1:      elethiomel_arrival_maze, layout_basic
D:2:      layout_rooms, lemuel_round_altar, fedhas_altar_2,
          nicolae_qazlal_eye_of_the_storm
D:3:      layout_basic, minivault_24, uniq_jessica
D:4:      layout_loops_corners, riverfiend_overflow_shadow_ancestor,
          makhleb_blood_cavern_becter, serial_shops, kennysheep_mini,
          led_sif_pool
D:5:      old_forge, layout_cave_pools, lemuel_doored_altar, basic_altar
D:6:      layout_loops_ring, nicolae_overflow_hidden_temple,
          lemuel_crystal_altar, old_standard_altar, serial_shops,
          kennysheep_little_box, minmay_gold_behind_fungi, serial_bayou_pond_b,
          uniq_edmund, uniq_pikel, uniq_grinder
D:7:      minmay_the_grid_plus_closed [minmay_the_grid_garden,
          minmay_the_grid_gridbox, minmay_the_grid_empty,
          minmay_the_grid_outer_circle, minmay_the_grid_prize_diamond_cup],
          layout_rooms, old_standard_altar, slow_altar_2, old_standard_altar,
          minmay_temple_entry_trees, minmay_between, uniq_duvessa,
          uniq_prince_ribbit1, uniq_maggie
D:8:      minmay_cornered_nines, layout_cave_pools, trog_ov_bears_minmay,
          lemuel_coloured_pillars_altar, serial_bayou_ford_a,
          supply_closet_lemuel, kennysheep_diamond, uniq_erica, uniq_gastronok
D:9:      layout_loops_ring, marbit_many_paths, nicolae_ru_path_of_blood
D:10:     layout_irregular_city, david_lair_shrubbed, david_orc_3, minivault_19,
          hangedman_abyss_or_decor_slice
D:11:     layout_layer_cave, minmay_rotating_lava
Temple:   corrupted_temple

Skill      XL: |  1  2  3  4  5  6  7  8  9 10 11 12 |
---------------+-------------------------------------+-----
Armour         | 1 2 3 5 6 7 9 |  9.6
Fighting       | 3 4 5 6 8 9 10 | 10.0
Maces & Flails | 4 5 6 7 8 10 11 12 | 12.5
Dodging        | 3 4 5 6 7 |  7.9
Shields        | 1 2 4 5 |  5.0
Throwing       | |  1.7

Action                   |  1- 3 |  4- 6 |  7- 9 | 10-12 || total
-------------------------+-------+-------+-------+-------++-------
Melee: Flail             |   132 |   137 |   469 |   906 ||  1644
       Dire flail        |       |       |       |    37 ||    37
Throw: Throwing net      |       |     1 |     2 |     3 ||     6
Invok: Curse Item        |       |     2 |       |       ||     2
Evoke: Wand              |       |       |     1 |     5 ||     6
  Use: Scroll            |     5 |     4 |     7 |     3 ||    19
       Potion            |       |       |     1 |    10 ||    11
 Stab: Held in net/web   |       |       |     1 |     2 ||     3
       Paralysed         |       |       |       |     9 ||     9
Armor: Leather armour    |    14 |       |       |       ||    14
       Plate armour      |    94 |   116 |   313 |   555 ||  1078
       Skin              |       |       |    10 |       ||    10
       Fire dragon scale |       |       |       |    31 ||    31
Dodge: Dodged            |    68 |    44 |   134 |   381 ||   627
Block: Other             |     5 |    25 |       |       ||    30
       Buckler           |       |    18 |   244 |   218 ||   480
       Reflection        |       |       |     2 |       ||     2

Table legend: (Time is in decaauts)
 A = Elapsed time spent in this place.
 B = Non-inter-level travel time spent in this place.
 C = Inter-level travel time spent in this place.
 D = Time resting spent in this place.
 E = Time spent auto-exploring this place.
 F = Levels seen in this place.
 G = Mean time per level.
                   A        B        C        D        E       F      G
               +--------+--------+--------+--------+--------+-----+--------+
         Total |  10993 |  10697 |    296 |   1412 |   6585 |  12 |  916.1 |
       Dungeon |  10955 |  10672 |    283 |   1412 |   6560 |  11 |  995.9 |
        Temple |     38 |     25 |     13 |      0 |     25 |   1 |   38.0 |
               +--------+--------+--------+--------+--------+-----+--------+

Top non-repeatable levels by time:
     D:7: 1514 daAuts
     D:4: 1320 daAuts
     D:8: 1290 daAuts
    D:10: 1247 daAuts
     D:6: 1194 daAuts
     D:1: 1016 daAuts
    D:11: 827 daAuts
     D:5: 793 daAuts
     D:9: 627 daAuts
     D:2: 612 daAuts
     D:3: 510 daAuts
  Temple: 38 daAuts
